Map: Torches LE

Players

Gyome - Winner!

  • Race: Protoss Protoss
  • League: Diamond
  • Spawn Location: 5:00

IlIlIlIlIlII

  • Race: Terran Terran
  • League: Diamond
  • Spawn Location: 1:00

VOD

Have the link to the VOD?

Description

Time

  • Played on: July 27, 2025, 12:15 p.m.
  • Length: 11:57
Show
View Real Time Build Order
Export as new Build Order

Gyome Protoss - Winner!

Build Orders: 1 Gate Expand, Colossus Rush 

Get SALT Encoding   

  1  0:00  Probe  
  12  0:04  Probe  
  14  0:14  Probe  
  15  0:22  Pylon  
  15  0:40  Gateway, Probe  
  16  0:52  Probe, Assimilator  
  17  1:04  Probe  
  18  1:16  Probe  
  19  1:28  Probe  
  19  1:30  Cybernetics Core  
  20  1:38  Nexus  
  20  1:47  Pylon  
  20  1:50  Warp Gate  
  20  1:52  Assimilator  
  20  1:54  Probe  
  20  1:56  Adept  
  21  2:06  Probe  
  24  2:18  Probe  
  25  2:26  Adept  
  27  2:30  Probe  
  27  2:32  Gateway  
  28  2:38  Pylon  
  28  2:43  Probe  
  29  2:50  Probe  
  30  2:54  Robotics Facility  
  30  3:00  Adept  
  32  3:08  Probe x2  
  34  3:26  Probe x2  
  36  3:38  Probe  
  37  3:41  Robotics Bay  
  37  3:42  Observer  
  37  3:45  Stalker  
  37  3:46  Stalker  
  37  3:47  Probe  
  43  3:50  Probe  
  44  3:59  Probe  
  44  4:00  Observer  
  46  4:03  Probe  
  47  4:10  Gateway x2  
  47  4:12  Forge  
  47  4:13  Probe  
  47  4:15  Observer, Probe  
  49  4:24  Assimilator  
  49  4:25  Probe, Assimilator  
  50  4:41  Probe x2  
  52  4:53  Probe, Protoss Ground Weapons Level 1  
  52  4:54  Pylon  
  52  4:57  Pylon, Extended Thermal Lance  
  52  4:59  Colossus  
  53  5:01  Observer, Probe  
  53  5:02  Pylon  
  54  5:08  Pylon  
  54  5:12  Probe  
  54  5:13  Probe  
  62  5:24  Probe  
  62  5:25  Probe  
  62  5:28  Robotics Facility  
  64  5:41  Twilight Council  
  64  5:42  Robotics Facility  
  64  5:45  Gateway  
  64  5:47  Colossus, Gateway  
  70  6:17  Nexus  
  70  6:19  Pylon  
  70  6:20  Pylon  
  70  6:23  Colossus  
  70  6:24  Pylon  
  76  6:34  Probe x2  
  76  6:38  Gravitic Boosters  
  78  6:40  Shield Battery  
  78  6:45  Immortal  
  78  6:46  Observer  
  83  7:04  Observer  
  83  7:07  Pylon  
  84  7:11  Pylon  
  84  7:21  Protoss Ground Armor Level 1, Photon Cannon  
  84  7:23  Photon Cannon  
  84  7:24  Stalker x2, Blink  
  84  7:25  Zealot x4  
  96  7:37  Probe  
  96  7:38  Probe x2  
  99  7:49  Probe  
  99  7:50  Probe x2  
  86  8:26  Stalker x3  
  86  8:27  Stalker x3  
  94  8:29  Colossus  
  94  8:30  Immortal x2  
  80  9:06  Zealot x3  
  80  9:07  Zealot x3  
  90  9:10  Colossus, Immortal  
  100  9:20  Probe x2  
  100  9:21  Probe  
  100  9:24  Immortal  
  106  9:25  Nexus  
  106  9:31  Assimilator  
  106  9:32  Assimilator  
  106  9:33  Pylon  
  106  9:38  Pylon  
  106  9:41  Pylon  
  106  9:43  Templar Archives  
  106  9:45  Charge  
  106  9:46  Protoss Shields Level 1  
  106  10:00  Immortal  
  110  10:08  Probe x2  
  110  10:12  Probe  
  113  10:15  Zealot x3  
  113  10:16  Zealot  
  113  10:20  Probe x2  
  123  10:28  Stalker x2  
  127  10:33  Shield Battery  
  127  10:37  Photon Cannon  
  127  10:39  Photon Cannon  
  127  10:42  Assimilator  
  127  10:43  Probe  
  127  10:44  Probe  
  127  10:46  Assimilator  
  129  10:59  Nexus  
  129  11:02  Pylon  
  129  11:03  Pylon  
  129  11:10  Stalker x3  
  105  11:48  Zealot x6  
Show
View Real Time Build Order
Export as new Build Order

IlIlIlIlIlII Terran 

Build Orders:  

Get SALT Encoding   

  12  0:02  SCV  
  13  0:14  SCV  
  13  0:17  Supply Depot  
  14  0:26  SCV  
  15  0:39  SCV  
  15  0:41  Barracks  
  16  0:51  SCV  
  16  0:54  Barracks  
  17  1:03  SCV  
  18  1:15  SCV  
  19  1:27  SCV  
  19  1:32  Bunker, Marine  
  21  1:39  Supply Depot  
  21  1:41  Orbital Command  
  21  1:45  Marine  
  22  1:50  Marine  
  22  1:54  Engineering Bay  
  23  2:06  Marine  
  23  2:08  SCV  
  25  2:20  SCV  
  25  2:22  Missile Turret  
  26  2:25  Missile Turret, Marine  
  26  2:26  Marine  
  28  2:31  Supply Depot  
  28  2:34  SCV  
  28  2:35  Supply Depot  
  29  2:45  Refinery  
  29  2:46  Refinery  
  29  2:47  Marine  
  29  2:48  Marine  
  31  2:59  SCV  
  32  3:08  Command Center  
  32  3:11  SCV  
  33  3:22  Marine  
  33  3:23  Barracks Tech Lab, SCV  
  35  3:31  Barracks  
  35  3:35  SCV  
  35  3:38  Barracks  
  36  3:45  Stimpack  
  36  3:48  Marine, SCV  
  38  3:49  Marine  
  39  4:01  Factory  
  39  4:06  Marine  
  40  4:10  Supply Depot x2  
  40  4:12  SCV  
  40  4:15  Marine  
  42  4:26  Orbital Command  
  42  4:28  SCV  
  43  4:31  Marine  
  43  4:37  Marine  
  45  4:40  Marine, SCV  
  45  4:42  Marine  
  48  4:49  Starport  
  48  4:51  Factory Reactor  
  48  4:52  SCV  
  49  4:54  Marine  
  50  5:00  SCV  
  50  5:02  Refinery  
  51  5:07  Marine x3  
  51  5:12  Marine  
  51  5:13  SCV x2  
  57  5:15  Missile Turret  
  57  5:25  Marine, SCV x2  
  57  5:27  Marine x2  
  62  5:33  Combat Shield  
  62  5:34  Marine  
  63  5:36  Medivac  
  63  5:37  Medivac  
  63  5:39  Supply Depot  
  63  5:41  SCV x2  
  69  5:45  Factory Tech Lab  
  69  5:46  Missile Turret  
  69  5:47  Marine  
  69  5:49  Barracks Tech Lab  
  70  5:50  Marine  
  70  5:53  SCV  
  70  5:55  SCV  
  73  5:59  Supply Depot  
  73  6:00  Terran Infantry Weapons Level 1  
  73  6:02  Marine  
  74  6:06  SCV  
  74  6:07  SCV  
  76  6:11  Marine  
  76  6:15  Marauder  
  76  6:17  Concussive Shells  
  76  6:18  SCV  
  80  6:19  SCV, Medivac  
  80  6:22  Medivac  
  80  6:24  Refinery  
  85  6:30  SCV  
  85  6:32  SCV  
  87  6:37  Marine x3  
  87  6:38  Marauder  
  92  6:42  SCV  
  92  6:44  SCV  
  94  7:00  Supply Depot  
  94  7:01  Supply Depot  
  94  7:03  Viking x2, SCV x2  
  94  7:04  Supply Depot  
  94  7:06  Marauder  
  102  7:17  Missile Turret  
  102  7:22  Marauder, Marine x2, Siege Tank, SCV  
  110  7:27  Supply Depot  
  110  7:33  Viking x2  
  114  7:38  Command Center  
  114  7:43  Marauder  
  116  7:54  Siege Tank  
  116  7:55  Terran Infantry Armor Level 1  
  77  8:13  Marine x4  
  80  8:26  Siege Tank  
  81  8:31  Marauder, Marine x2  
  81  8:32  Marauder  
  59  8:48  Marine  
  59  8:49  Marine  
  59  8:52  Marine x2  
  61  8:57  Viking x2  
  61  9:06  Marine x2  
  63  9:11  Marauder x2  
  67  9:24  Marine, Siege Tank  
  67  9:25  Marine  
  67  9:27  Viking x2  
  67  9:30  Missile Turret x2  
  67  9:31  Missile Turret  
  76  9:32  Marauder, Marine  
  76  9:35  Armory  
  79  9:49  Marine  
  79  9:50  Marauder, Marine  
  83  9:57  Viking x2  
  87  10:00  Fusion Core, Marine  
  88  10:11  Marauder  
  80  10:28  Marauder, Barracks Tech Lab x2  
  79  10:33  Marauder  
  81  10:38  Missile Turret x2  
  81  10:40  Missile Turret, Siege Tank  
  84  10:48  Marauder  
  84  10:49  Marauder  
  88  10:56  Viking  
  90  11:08  Missile Turret  
  90  11:09  Missile Turret  
  90  11:11  Missile Turret  
  90  11:13  Marauder x2  
  94  11:19  Marauder x2  
Tags
 
Add a new tag
Caveats
  • Supply blocks, unpowered buildings, or Contaminate may cause inaccurate times.
  • Supply counts are checked every 10 seconds.